 Dungeon Sprint DCSS version 0.30.1-11-g7821555f0a (webtiles) character file.

Game seed: 16989615079922907178

5699 Groucho the Unseen (level 10, -7/49 HPs)
             Began as a Spriggan Enchanter on Dec 10, 2023.
             Was an Elder of Dithmenos.
             Succumbed to a death drake's dark miasma
             ... in the Dungeon (Sprint II: "The Violet Keep of Menkaure").
             The game lasted 00:08:21 (490 turns).

Groucho the Unseen (Spriggan Enchanter)              Turns: 490, Time: 00:08:22

Health: -7/49      AC:  2    Str: 10    XL:     10   Next: 48%
Magic:  24/27      EV: 26    Int: 18    God:    Dithmenos [****..]
Gold:   167        SH:  0    Dex: 18    Spells: 5/33 levels left

rFire   + + .        a - +1 dagger
rCold   + . .        (no shield)
rNeg    . . .        b - +0 robe
rPois   .            (helmet restricted)
rElec   .            (no cloak)
rCorr   .            (gloves unavailable)
SInv    +            (boots unavailable)
Will    +....        (no amulet)
Stlth   +++++++++    j - ring of flight
HPRegen 0.28/turn    c - ring "Kilumerch" {rF++ rC+ Str+6 Int-4 Dex+3}
MPRegen 0.20/turn

%: no teleportation
@: lethally poisoned (-7 -> -109), flying, slowed, wreathed by umbra, quick
A: very small, no large weapons, unfitting armour, see invisible, speed 3
a: Renounce Religion, Shadow Step


You were in the Dungeon.
You worshipped Dithmenos.
Dithmenos was greatly pleased with you.
You visited 1 branch You collected 1311 gold pieces.
You spent 1144 gold pieces at shops.

Inventory:

Hand Weapons
 a - a +1 dagger (weapon)
Armour
 b - a +0 robe (worn)
Jewellery
 c - the ring "Kilumerch" (right hand) {rF++ rC+ Str+6 Int-4 Dex+3}
   (You found it in the Dungeon)

   [ring of strength]

   Str:       It affects your strength (+6).
   Int:       It affects your intelligence (-4).
   Dex:       It affects your dexterity (+3).
   rF:        It greatly protects you from fire.
   rC:        It protects you from cold.
 f - a ring of protection from fire
 j - a ring of flight (left hand)
Potions
 d - a potion of curing
 e - a potion of heal wounds
 g - 2 potions of magic
 h - a potion of berserk rage


   Skills:
 - Level 3.0 Fighting
 - Level 10.0 Short Blades
 - Level 12.0 Dodging
 - Level 15.0 Stealth
 - Level 12.0 Spellcasting
 * Level 8.0 Conjurations
 - Level 14.0 Hexes
 + Level 6.0 Fire Magic


You had 5 spell levels left.
You knew the following spells:

 Your Spells              Type           Power      Damage    Failure   Level
a - Ensorcelled Hibernat  Hex/Ice        72%        N/A       1%          2
b - Confusing Touch       Hex            57%        N/A       1%          3
c - Dazzling Flash        Conj/Hex       100%       N/A       1%          3
d - Tukima's Dance        Hex            57%        N/A       1%          3
e - Iskenderun's Battles  Conj           39%        2d9       7%          5
f - Fireball              Conj/Fire      18%        3d9       10%         5
g - Orb of Destruction    Conj           19%        9d8       90%         7

Your spell library contained the following spells:

 Spells                   Type           Power      Damage    Failure   Level
 Conjure Ball Lightning   Conj/Air       12%        3x3d6     88%         6


Dungeon Overview and Level Annotations

Branches:
Dungeon (1/1)

Altars:
Cheibriados
Dithmenos
Elyvilon
Fedhas
Gozag
Hepliaklqana
Kikubaaqudgha
Makhleb
Nemelex Xobeh
Okawaru
Qazlal
Ru
Sif Muna
Trog
Uskayaw
Vehumet
Wu Jian
Xom
Yredelemnul
Zin
The Shining One
Jiyva
Lugonu

Shops:
D :[:=[!??[!(==!=

Annotations:
D exclusions: obsidian statue and oklob plant


Innate Abilities, Weirdness & Mutations

You are very small and have problems with some larger weapons.
You are too small for most types of armour.
You have supernaturally acute eyesight. (SInv)
You cover ground extremely quickly. (Speed+++)


Message History

Dithmenos accepts your kill.
Your shadow now sometimes tangibly mimics your actions.
The death drake hisses angrily. x2; The swamp drake roars!
The death drake breathes miasma at you. The foul vapour engulfs you!
You are poisoned.
Your Conjurations skill increases to level 8!
Your Fire Magic skill increases to level 6!
Casting: Ensorcelled Hibernation (safe; 1% risk of failure)
Confirm with . or Enter, or press ? or * to list all spells.
Casting: Dazzling Flash (safe; 1% risk of failure)
Press: ? - help, Dir - look around, f - activate The swamp drake is dazzled.
The death drake is dazzled.
You are engulfed in dark miasma.
You are lethally poisoned!
You feel extremely sick.
The swamp drake is engulfed in dark miasma.
The swamp drake breathes poison at you.
The noxious blast engulfs you but does no damage.
You are more poisoned.
Unknown command.
Unknown command.
Unknown command.
You hit the death drake but do no damage.
You are engulfed in dark miasma.
You are more poisoned.
You feel extremely sick. The death drake breathes miasma at you.
The foul vapour engulfs you!
You are more poisoned.
* * * LOW HITPOINT WARNING * * *
Unknown command.
Unknown command.
You catch the helpless death drake completely off-guard!
You stick the death drake like a pincushion!!!
The death drake is heavily wounded.
You are engulfed in dark miasma.
You are more poisoned.
You feel yourself slow down.
* * * LOW HITPOINT WARNING * * *
You die... ##++## ##≈..^### S #)≈.....## #+++ ####^...#!## ... #..'....#9k# #+##..#..####.#kk# ..###.####..†.##@# †##†#....#..#.°°#### .#.####..#####°°##)# !$()?

#'###.##..#.†'°°#†.#▓?!$$)?
#.###..#..#†)#..#†.#▓[$[)$$[
.<.'##.'..####..##.#▓$$$!)!$
#.##.#.#....###...##▓▓▓▓▓▓▓+
#'###.##...§..~~~~~~~~~~~~~
.#.####~~§....~#'########+###


You could see 2 death drakes, a crystal guardian and a swamp drake (blind,
catching breath).

Vanquished Creatures
  A deep elf master archer (D)
  A fire dragon (D)
  2 boulder beetles (D)
  A yaktaur (D)
  3 polar bears (D)
  A hornet (D)
  2 wyverns (D)
  4 neqoxecs (D)
  Menkaure (D)
  2 water moccasins (D)
  A swamp drake (D)
  3 black bears (D)
  4 necrophages (D)
  A hell rat (D)
  3 worms (D)
30 creatures vanquished.

Notes
Turn   | Place    | Note
-------+----------+-------------------------------------------
     0 | D        | Groucho the Spriggan Enchanter began the quest for the Orb.
     0 | D        | Reached XP level 1. HP: 9/9 MP: 5/5
     6 | D        | Noticed a neqoxec
     6 | D        | Noticed a neqoxec
    13 | D        | Killed a neqoxec
    13 | D        | Noticed a neqoxec
    14 | D        | Reached skill level 5 in Short Blades
    14 | D        | Reached skill level 9 in Stealth
    14 | D        | Reached skill level 5 in Spellcasting
    14 | D        | Reached skill level 5 in Hexes
    14 | D        | Reached XP level 2. HP: 16/16 MP: 6/9
    14 | D        | Reached XP level 3. HP: 20/20 MP: 6/10
    14 | D        | Reached XP level 4. HP: 24/24 MP: 7/12
    17 | D        | Killed a neqoxec
    18 | D        | Reached skill level 14 in Stealth
    18 | D        | Reached XP level 5. HP: 28/28 MP: 7/13
    24 | D        | Killed a neqoxec
    25 | D        | Reached skill level 15 in Stealth
    25 | D        | Reached XP level 6. HP: 31/32 MP: 7/14
    25 | D        | Noticed a neqoxec
    30 | D        | Killed a neqoxec
    31 | D        | Reached XP level 7. HP: 36/36 MP: 8/15
    32 | D        | Noticed Menkaure
    34 | D        | Killed Menkaure
    71 | D        | Learned a level 2 spell: Ensorcelled Hibernation
    75 | D        | Learned a level 3 spell: Confusing Touch
    79 | D        | Learned a level 3 spell: Dazzling Flash
    83 | D        | Learned a level 3 spell: Tukima's Dance
    90 | D        | Found Fuett's Jewellery Emporium.
    90 | D        | Found Gourogy's Jewellery Shoppe.
    90 | D        | Found Sigetoco's Distillery.
    90 | D        | Found Jeimmuv's Jewellery Emporium.
    93 | D        | Found Tetuti Fote's Antique Weapon Emporium.
    93 | D        | Found Coumar's Distillery.
    94 | D        | Found Fymitt's Antique Armour Shoppe.
   144 | D        | Noticed a boulder beetle
   144 | D        | Noticed a boulder beetle
   147 | D        | Killed a boulder beetle
   148 | D        | Reached skill level 10 in Short Blades
   148 | D        | Reached XP level 8. HP: 39/40 MP: 10/20
   150 | D        | Killed a boulder beetle
   151 | D        | Reached skill level 10 in Dodging
   151 | D        | Reached XP level 9. HP: 44/44 MP: 10/23
   164 | D        | Found Nippurr's Magic Scroll Shoppe.
   164 | D        | Found Votuon's Magic Scroll Emporium.
   165 | D        | Found Cesomn's Distillery.
   165 | D        | Found Yricy's Antique Armour Emporium.
   166 | D        | Found Muhuv's Jewellery Emporium.
   166 | D        | Noticed an oklob plant
   167 | D        | Found Fuliudet's Armour Shoppe.
   167 | D        | Found Mylavyqae's Book Emporium.
   167 | D        | Found Tiup's Book Shoppe.
   168 | D        | Noticed an ice dragon
   186 | D        | Reached skill level 10 in Spellcasting
   204 | D        | Bought a ring of protection from fire for 250 gold pieces
   205 | D        | Bought a ring of flight for 192 gold pieces
   240 | D        | Found an iron altar of Okawaru.
   240 | D        | Found a radiant altar of Vehumet.
   241 | D        | Found a glowing silver altar of Zin.
   242 | D        | Found a sparkling altar of Nemelex Xobeh.
   242 | D        | Found a hide-covered altar of Uskayaw.
   242 | D        | Found a basalt altar of Yredelemnul.
   243 | D        | Found an opulent altar of Gozag.
   243 | D        | Found a burning altar of Makhleb.
   243 | D        | Found a bloodstained altar of Trog.
   244 | D        | Found a blossoming altar of Fedhas.
   244 | D        | Found a corrupted altar of Lugonu.
   244 | D        | Found a shimmering blue altar of Sif Muna.
   245 | D        | Found a white marble altar of Elyvilon.
   245 | D        | Found an ancient bone altar of Kikubaaqudgha.
   246 | D        | Found a shadowy altar of Dithmenos.
   246 | D        | Found a viscous altar of Jiyva.
   247 | D        | Found a snail-covered altar of Cheibriados.
   249 | D        | Found a shimmering altar of Xom.
   249 | D        | Found a sacrificial altar of Ru.
   249 | D        | Found a hazy altar of Hepliaklqana.
   250 | D        | Found a glowing golden altar of the Shining One.
   250 | D        | Found an ornate altar of the Wu Jian Council.
   250 | D        | Found a stormy altar of Qazlal.
   255 | D        | Became a worshipper of Dithmenos the Shadowed
   268 | D        | Reached skill level 1 in Conjurations
   268 | D        | Reached skill level 1 in Fire Magic
   281 | D        | Reached * piety under Dithmenos
   298 | D        | Noticed a deep elf master archer
   303 | D        | Killed a deep elf master archer
   303 | D        | Reached ** piety under Dithmenos
   304 | D        | Reached skill level 5 in Conjurations
   308 | D        | Noticed a fire dragon
   310 | D        | Identified the ring "Kilumerch" {rF++ rC+ Str+6 Int-4
                  | Dex+3}
   311 | D        | Killed a fire dragon
   312 | D        | Reached XP level 10. HP: 33/49 MP: 16/27
   335 | D        | Reached skill level 5 in Fire Magic
   337 | D        | Reached *** piety under Dithmenos
   386 | D        | Bought a book of the Spheres for 702 gold pieces
   392 | D        | Learned a level 5 spell: Iskenderun's Battlesphere
   398 | D        | Learned a level 5 spell: Fireball
   406 | D        | Learned a level 7 spell: Orb of Destruction
   456 | D        | Noticed an obsidian statue
   485 | D        | Noticed a death drake
   486 | D        | Noticed a death drake
   486 | D        | Noticed a crystal guardian
   487 | D        | Reached **** piety under Dithmenos
   490 | D        | Succumbed to a death drake's dark miasma

Illustrated notes

Levels and vault maps discovered:
D:        the_violet_keep_of_menkaure [sprint2_stairs_cluster_1,
          sprint2_shoproom, sprint2_temple, sprint2_basic_supplies,
          sprint2_obstacle_5, sprint2_obstacle_3, sprint2_obstacle_7,
          sprint2_obstacle_2, sprint2_obstacle_6, sprint2_timed_cluster_1,
          sprint2_smallroom_cluster_1, sprint2_smallroom_final_cluster_1,
          sprint2_transparent_cluster_1, sprint2_second_timed_cluster_1,
          sprint2_sniper_area_1, sprint2_heavy_combat_area_1,
          sprint2_mutation_trap_area_1, sprint2_forest_area_1,
          sprint2_light_combat_area_1, sprint2_behind_water_1,
          sprint2_near_end_vault_1]

Skill      XL: |  1  2  3  4  5  6  7  8  9 10 |
---------------+-------------------------------+-----
Fighting       | 3 |  3.0
Short Blades   | 5 10 | 10.0
Dodging        | 4 7 10 12 | 12.0
Stealth        | 9 14 15 | 15.0
Spellcasting   | 5 7 9 12 | 12.0
Hexes          | 5 9 11 14 | 14.0
Conjurations   | 6 8 |  8.0
Fire Magic     | 4 6 |  6.0

Action                     |  1- 3 |  4- 6 |  7- 9 | 10-12 || total
---------------------------+-------+-------+-------+-------++-------
  Melee: Dagger            |     6 |    15 |    30 |     9 ||    60
         Punch             |       |     1 |       |       ||     1
   Cast: Ensorcelled Hiber |       |       |    10 |       ||    10
         Confusing Touch   |       |       |     1 |       ||     1
         Dazzling Flash    |       |       |       |     1 ||     1
    Use: Potion            |     2 |       |     1 |       ||     3
         Scroll            |       |       |       |     1 ||     1
   Stab: Invisible         |     3 |     4 |     1 |     1 ||     9
         Sleeping          |       |       |    17 |     7 ||    24
         Confused          |       |       |     1 |       ||     1
  Dodge: Dodged            |     1 |     5 |    11 |       ||    17
